 Dungeon Crawl Stone Soup version 0.26-a0-1191-ge2a0e31ab3 (webtiles) character file.

Game seed: 2201782555979256574

226 melloss the Sneak (level 5, -8/24 HPs)
             Began as a Spriggan Enchanter on Dec 23, 2020.
             Killed by divine providence
             ... invoked by an orc priest
              (10 damage)
             ... on level 3 of the Dungeon on Dec 28, 2020.
             The game lasted 00:09:54 (3310 turns).

melloss the Sneak (Spriggan Enchanter)              Turns: 3310, Time: 00:09:55

Health: -8/24      AC:  2    Str:  4    XL:     5   Next: 69%
Magic:  2/10       EV: 18    Int: 17    God:
Gold:   94         SH:  0    Dex: 17    Spells: 6/9 levels left

rFire    . . .     SeeInvis +   a - +0 short sword (drain)
rCold    . . .     Faith    .   (shield restricted)
rNeg     . . .     Spirit   .   b - +0 robe
rPois    .         Reflect  .   (helmet restricted)
rElec    .         Harm     .   (no cloak)
rCorr    .         Rampage  .   (gloves unavailable)
Will     .....                  (boots unavailable)
Stlth    ++++......             (no amulet)
HPRegen  0.08/turn              (no ring)
MPRegen  0.12/turn              (no ring)

@: very quick
A: very small, unfitting armour, see invisible, speed 3
a: no special abilities


You were on level 3 of the Dungeon.
You visited 1 branch of the dungeon, and saw 3 of its levels.

You collected 94 gold pieces.

Inventory:

Hand Weapons
 a - a +0 short sword of draining (weapon)
 d - a +1 dagger
 j - a +2 hand axe of freezing
Missiles
 c - 19 poisoned darts
Armour
 b - a +0 robe (worn)
Scrolls
 f - 2 scrolls of identify {unknown}
 g - a scroll of teleportation {unknown}
Potions
 e - 2 potions of might {unknown}
 h - a potion of berserk rage {unknown}
 i - a potion of haste {unknown}


   Skills:
 + Level 4.4 Short Blades
 - Level 3.0 Dodging
 + Level 7.7 Stealth
 - Level 2.6 Spellcasting
 - Level 3.6 Hexes


You had 6 spell levels left.
You knew the following spells:

 Your Spells              Type           Power        Failure   Level
a - Corona                Hex            15%          4%          1
b - Ensorcelled Hibernat  Hex/Ice        16%          13%         2

Your spell library contained the following spells:

 Spells                   Type           Power        Failure   Level
 Confusing Touch          Hex            14%          12%         3
 Tukima's Dance           Hex            14%          12%         3
 Dazzling Flash           Conj/Hex       16%          26%         3


Dungeon Overview and Level Annotations

Branches:
Dungeon (3/15)

Altars:
Hepliaklqana

Annotations:
D:3 3 runed translucent doors, Copingsaw's ghost, amateur DsHu


Innate Abilities, Weirdness & Mutations

You are very small and have problems with some larger weapons.
You are too small for most types of armour.
You have supernaturally acute eyesight. (SInv)
You cover ground extremely quickly.


Message History

The orc looks drowsy...
The gnoll barely misses you.
The orc priest shouts!
You hit the gnoll but do no damage.
The orc shouts!
The orc hits you with a +0 whip.
You hit the orc but do no damage. The gnoll barely misses you.
The orc closely misses you.
You hit the orc. You drain the orc.
The orc is moderately wounded.
The gnoll closely misses you.
The orc priest mumbles some strange prayers to Beogh against you.
Beogh smites you!
Ouch! That really hurt!
* * * LOW HITPOINT WARNING * * *
The orc hits you but does no damage.
Things that are here:
a +0 spear of flaming; a gnoll corpse The orc priest calls down the wrath of Beogh upon you.
Beogh smites you!
You die...

# #..†# .. ##.###.#.#..##.#
#...# ## #...###........##
#...# #.#.# #####...... #...#
#..># ####### #...# ###.# #....
#...##### #.# ######....
###...#...#### #.# #........≈
.............####.####<...)....
.........o.g).@.....[)...).....
......)...g..##..)####.........
......#...#####...## #.........
##... #o### #......# ######.÷..
#.. #.# #.#....# #.... #. #o#
#.#....# ######. ≈≈ #.#
#.#....######.....# ##g.....###
#.###...........#.# #........#
#.###..######.#.#.#


You could see an orc priest, a gnoll, an orc (drained) and a goblin.

Vanquished Creatures
  An orc priest (D:3)
  An orc wizard (D:3)
  Robin (D:3)
  3 gnolls (D:3)
  3 adders
  A worm (D:3)
  2 dart slugs (D:2)
  11 orcs (D:3)
  5 bats
  3 giant cockroaches
  8 goblins
  8 hobgoblins
  3 jackals (D:3)
  3 quokkas (D:3)
  3 frilled lizards
  5 kobolds
  22 rats
83 creatures vanquished.

Vanquished Creatures (others)
  A fungus (D:3)
  2 plants (D:3)
3 creatures vanquished.

Grand Total: 86 creatures vanquished

Notes
Turn   | Place    | Note
-------+----------+-------------------------------------------
     0 | D:1      | melloss the Spriggan Enchanter began the quest for the Orb.
     0 | D:1      | Reached XP level 1. HP: 9/9 MP: 5/5
    49 | D:1      | Upgraded the game from 0.26-a0-1164-g1a551d6a14 to
                  | 0.26-a0-1191-ge2a0e31ab3
   581 | D:1      | Reached skill level 5 in Stealth
   581 | D:1      | Reached XP level 2. HP: 13/13 MP: 6/6
   586 | D:1      | Learned a level 2 spell: Ensorcelled Hibernation
  1052 | D:2      | Reached XP level 3. HP: 10/16 MP: 5/8
  1654 | D:3      | Reached skill level 6 in Stealth
  1654 | D:3      | Reached XP level 4. HP: 17/21 MP: 6/9
  2524 | D:3      | Noticed Robin
  2532 | D:3      | Killed Robin
  2545 | D:3      | Reached skill level 7 in Stealth
  2569 | D:3      | Reached XP level 5. HP: 12/24 MP: 1/10
  2726 | D:3      | Found a hazy altar of Hepliaklqana.
  3211 | D:3      | Found a runed translucent gate.
  3213 | D:3      | Found a runed translucent gate.
  3213 | D:3      | Found a runed translucent gate.
  3213 | D:3      | Noticed Copingsaw's ghost (amateur DsHu)
  3303 | D:3      | HP: 1/24 [orc priest/divine providence (15)]
  3310 | D:3      | Killed from afar by an orc priest

Illustrated notes

Levels and vault maps discovered:
D:1:      dpeg_arrival_round_b, layout_basic
D:2:      layout_basic
D:3:      layout_loops_cross, old_standard_altar, gammafunk_ghost_nasty_kobolds,
          grunt_decor_cap, chequers_serial_rivers_small_b, minmay_rat_hole,
          uniq_robin

Skill      XL: |  1  2  3  4  5 |
---------------+----------------+-----
Stealth        | 5 6 7 |  7.7
Short Blades   | 2 3 4 |  4.4
Dodging        | |  3.0
Spellcasting   | |  2.6
Hexes          | |  3.6

Action                   |  1- 3 |  4- 6 || total
-------------------------+-------+-------++-------
Melee: Short sword       |    65 |   142 ||   207
       Dagger            |     4 |       ||     4
 Cast: Ensorcelled Hiber |     4 |    27 ||    31
 Stab: Sleeping          |    14 |    20 ||    34
       Distracted        |       |     1 ||     1
Armor: Robe              |     6 |    13 ||    19
Dodge: Dodged            |    65 |   140 ||   205

Table legend: (Time is in decaauts)
 A = Elapsed time spent in this place.
 B = Non-inter-level travel time spent in this place.
 C = Inter-level travel time spent in this place.
 D = Time resting spent in this place.
 E = Time spent auto-exploring this place.
 F = Levels seen in this place.
 G = Mean time per level.
                   A        B        C        D        E       F      G
               +--------+--------+--------+--------+--------+-----+--------+
         Total |   2617 |   2497 |    120 |    999 |    950 |   3 |  872.3 |
       Dungeon |   2617 |   2497 |    120 |    999 |    950 |   3 |  872.3 |
               +--------+--------+--------+--------+--------+-----+--------+

Top non-repeatable levels by time:
     D:2: 1357 daAuts
     D:3: 740 daAuts
     D:1: 519 daAuts
